 Dungeon Sprint DCSS version 0.30.1-9-gdf580d7c3d (webtiles) character file.

Game seed: 13978710088976833767

614 Heoruswealwe the Spear-Bearer (level 7, -9/72 HPs)
             Began as a Minotaur Fighter on Sept 28, 2023.
             Was an Initiate of Gozag.
             Mangled by a white ugly thing (33 damage)
             ... in the Dungeon (Sprint IX: "|||||||||||||||||||||||||||||").
             The game lasted 00:04:47 (212 turns).

Heoruswealwe the Spear-Bearer (Minotaur Fighter)     Turns: 212, Time: 00:04:48

Health: -9/72      AC: 19    Str: 23    XL:     7   Next: 20%
Magic:  6/6        EV:  7    Int:  5    God:    Gozag
Gold:   549        SH:  0    Dex:  9    Spells: 6/6 levels left

rFire   . . .        b - +2 halberd (venom)
rCold   . . .        (shield currently unavailable)
rNeg    . . .        c - +0 plate armour
rPois   .            (helmet restricted)
rElec   .            h - +0 cloak
rCorr   .            f - +0 pair of gloves
SInv    .            (no boots)
Will    .....        (no amulet) Stlth
                     k - +2 ring of protection
HPRegen 0.32/turn    (no ring)
MPRegen 0.10/turn

%: no teleportation
@: no status effects
A: horns 2, retaliatory headbutt
a: Renounce Religion, Potion Petition, Call Merchant, Bribe Branch


You were in the Dungeon.
You worshipped Gozag.
Gozag was pleased with you.
You visited 1 branch You collected 549 gold pieces.

Inventory:

Hand Weapons
 a - a +0 trident
 b - a +2 halberd of venom (weapon)
Armour
 c - a +0 plate armour (worn)
 d - a +0 buckler
 f - a +0 pair of gloves (worn)
 h - a +0 cloak (worn)
Jewellery
 k - a +2 ring of protection (left hand)
Wands
 m - a wand of roots (10)
Scrolls
 j - 2 scrolls of blinking
Potions
 e - 5 potions of curing
 g - a potion of haste
 i - a potion of might
 l - 2 potions of heal wounds


   Skills:
 + Level 10.1 Fighting
 * Level 13.3 Polearms
 + Level 10.1 Armour
 - Level 3.6 Shields


You had 6 spell levels left.
You didn't know any spells.
Your spell library was empty.

Dungeon Overview and Level Annotations

Branches:
Dungeon (1/1)

Altars:
Cheibriados
Dithmenos
Elyvilon
Fedhas
Gozag
Hepliaklqana
Kikubaaqudgha
Makhleb
Nemelex Xobeh
Okawaru
Qazlal
Ru
Sif Muna
Trog
Uskayaw
Vehumet
Wu Jian
Xom
Yredelemnul
Zin
The Shining One
Jiyva
Lugonu


Innate Abilities, Weirdness & Mutations

You have a pair of horns on your head.
You reflexively headbutt those who attack you in melee.


Message History

You closely miss the white ugly thing.
The white ugly thing engulfs you but does no damage.
You hit the white ugly thing.
The white ugly thing is poisoned.
The white ugly thing is lightly wounded.
The white ugly thing engulfs you but does no damage.
The orc wizard mumbles some strange words.
The orc wizard flickers and vanishes!
Deactivating autopickup; reactivate with Ctrl-A.
You barely miss the white ugly thing.
Your headbutt misses the white ugly thing.
The white ugly thing is lightly wounded.
The white ugly thing engulfs you but does no damage.
You completely miss the white ugly thing.
The white ugly thing is lightly wounded.
The white ugly thing engulfs you but does no damage.
You closely miss the white ugly thing.
The white ugly thing is lightly wounded.
The white ugly thing engulfs you but does no damage.
You completely miss the white ugly thing.
The white ugly thing is lightly wounded.
You slice the white ugly thing!!
The white ugly thing looks as sick as possible!
Your headbutt misses the white ugly thing.
The white ugly thing is heavily wounded.
The white ugly thing engulfs you but does no damage.
You puncture the white ugly thing!
The white ugly thing looks as sick as possible!
The white ugly thing is severely wounded.
The white ugly thing engulfs you. The white ugly thing freezes you!!
You closely miss the white ugly thing.
The white ugly thing is severely wounded.
The white ugly thing engulfs you. The white ugly thing freezes you!!
* * * LOW HITPOINT WARNING * * *
The tengu conjurer mumbles some strange words.
The tengu conjurer conjures a globe of magical energy!
A battlesphere comes into view.
You feel much better. The white ugly thing engulfs you.
The white ugly thing freezes you!!
You die...
Your body crumbles into a pile of gold.

▓*▓
▓Q▓
▓c▓
▓l▓
▓{▓
▓Q▓
▓u▓
$
▓@▓
$
▓.▓
$ $
▓.▓
$
▓.▓
$ $
▓.▓
$
▓)▓
$
▓[▓
▓.▓
$
▓.▓


You could see a white ugly thing (extremely poisoned), a tengu warrior, a
centaur warrior, a basilisk, a tengu conjurer and a battlesphere (distracted).

Vanquished Creatures
  A troll (D)
  An orc warrior (D)
  A centaur (D)
  A scorpion (D)
  A killer bee (D)
  A howler monkey (D)
  A sleepcap (D)
  2 orc wizards (D)
  An adder (D)
  An orc (D)
  2 giant cockroaches (D)
  A goblin (D)
  A hobgoblin (D)
  A bat (D)
16 creatures vanquished.

Notes
Turn   | Place    | Note
-------+----------+-------------------------------------------
     0 | D        | Heoruswealwe the Minotaur Fighter began the quest for the
                  | Orb.
     0 | D        | Reached XP level 1. HP: 19/19 MP: 0/0
     7 | D        | Reached skill level 3 in Polearms
    22 | D        | Noticed a howler monkey
    22 | D        | Noticed a sleepcap
    22 | D        | Noticed a scorpion
    25 | D        | Killed a scorpion
    26 | D        | Reached skill level 5 in Fighting
    26 | D        | Reached skill level 7 in Polearms
    26 | D        | Reached skill level 5 in Armour
    26 | D        | Reached XP level 2. HP: 30/30 MP: 1/1
    26 | D        | Reached XP level 3. HP: 37/37 MP: 2/2
    29 | D        | Reached XP level 4. HP: 44/44 MP: 3/3
    33 | D        | Reached skill level 8 in Polearms
    36 | D        | Reached XP level 5. HP: 52/52 MP: 4/4
    44 | D        | Found a snail-covered altar of Cheibriados.
    44 | D        | Found a shadowy altar of Dithmenos.
    44 | D        | Found a white marble altar of Elyvilon.
    44 | D        | Found a blossoming altar of Fedhas.
    44 | D        | Found an opulent altar of Gozag.
    45 | D        | Found a hazy altar of Hepliaklqana.
    46 | D        | Found a viscous altar of Jiyva.
    47 | D        | Found an ancient bone altar of Kikubaaqudgha.
    48 | D        | Found a corrupted altar of Lugonu.
    49 | D        | Found a burning altar of Makhleb.
    50 | D        | Found a sparkling altar of Nemelex Xobeh.
    51 | D        | Found an iron altar of Okawaru.
    52 | D        | Became a worshipper of Gozag Ym Sagoz the Greedy
    53 | D        | Found a stormy altar of Qazlal.
    54 | D        | Found a sacrificial altar of Ru.
    55 | D        | Found a shimmering blue altar of Sif Muna.
    56 | D        | Found a bloodstained altar of Trog.
    57 | D        | Found a hide-covered altar of Uskayaw.
    58 | D        | Found a radiant altar of Vehumet.
    59 | D        | Found an ornate altar of the Wu Jian Council.
    60 | D        | Found a shimmering altar of Xom.
    61 | D        | Found a basalt altar of Yredelemnul.
    62 | D        | Found a glowing silver altar of Zin.
    63 | D        | Found a glowing golden altar of the Shining One.
   126 | D        | Noticed a troll
   126 | D        | Noticed a centaur
   126 | D        | Noticed an orc warrior
   142 | D        | Reached skill level 9 in Polearms
   145 | D        | Killed an orc warrior
   146 | D        | Reached skill level 10 in Polearms
   146 | D        | Reached XP level 6. HP: 52/62 MP: 5/5
   147 | D        | Reached skill level 11 in Polearms
   153 | D        | Reached skill level 12 in Polearms
   155 | D        | Killed a troll
   156 | D        | Reached skill level 10 in Fighting
   156 | D        | Reached skill level 13 in Polearms
   156 | D        | Reached skill level 10 in Armour
   156 | D        | Reached XP level 7. HP: 57/72 MP: 6/6
   202 | D        | Noticed a tengu conjurer
   202 | D        | Noticed a centaur warrior
   202 | D        | Noticed a basilisk
   202 | D        | Noticed a tengu warrior
   202 | D        | Noticed a white ugly thing
   211 | D        | HP: 1/72 [white ugly thing (34)]
   212 | D        | Mangled by a white ugly thing

Illustrated notes

Levels and vault maps discovered:
D:        linesprint [early_d, line_temple, items_1, d_10, items_2, lair_1,
          lair_end, items_3, orc_1, orc_end, items_4, d_15, swamp_1, shoals_1,
          snake_1, spider_1, d_20, vaults_1, items_5, swamp_end, shoals_end,
          snake_end, spider_end, vaults_end, d_27, items_6, zot_1, zot_end,
          crypt_end, forest_end, elf_end, slime_end, tomb_end, abyss_end,
          pan_hell_end]

Skill      XL: |  1  2  3  4  5  6 |
---------------+-------------------+-----
Polearms       | 7 8 10 13 | 13.3
Fighting       | 5 6 7 8 10 | 10.1
Armour         | 5 6 7 8 10 | 10.1
Shields        | |  3.6

Action                     |  1- 3 |  4- 6 |  7- 9 || total
---------------------------+-------+-------+-------++-------
  Melee: Trident           |    14 |     9 |       ||    23
         Headbutt          |     2 |     2 |       ||     4
         Halberd           |       |    28 |     9 ||    37
    Use: Potion            |     1 |       |     1 ||     2
 Armour: Scale mail        |     4 |    14 |       ||    18
         Plate armour      |       |       |     6 ||     6
  Dodge: Dodged            |     5 |    17 |       ||    22
  Block: Buckler           |     2 |     1 |       ||     3
